 Dungeon Sprint DCSS version 0.22-a0-358-g7563fe7 (webtiles) character file.

358 KristoblXynda the Carver (level 6, -1/48 HPs)
             Began as a Draconian Gladiator on Apr 18, 2018.
             Slain by an ice beast (11 damage)
             ... in the Dungeon (Sprint III: "The Ten Rune Challenge").
             The game lasted 00:03:05 (754 turns).

KristoblXynda the Carver (Draconian Gladiator)       Turns: 754, Time: 00:03:06

Health: -1/48      AC:  9    Str: 18    XL:     6   Next: 37%
Magic:  8/10       EV: 16    Int: 11    God:
Gold:   19         SH:  0    Dex: 14    Spells: 5/5 levels left

rFire    . . .     SeeInvis .   a - +0 long sword
rCold    . . .     Gourm    .   (no shield)
rNeg     . . .     Faith    .   (armour unavailable)
rPois    .         Spirit   .   b - +0 hat
rElec    .         Reflect  .   f - +2 cloak {+Inv}
rCorr    .         Harm     .   (no gloves)
MR       .....     NoTele   +   (no boots)
Stlth    +.........             (no amulet)
HPRegen  0.16/turn              (no ring)
MPRegen  0.12/turn              (no ring)

@: very slightly contaminated
A: unfitting armour, clever 1, strong 1, cold-blooded, AC +6
a: Evoke Invisibility


You were in the Dungeon.
You were not hungry.

You visited 1 branch You collected 19 gold pieces.

Inventory:

Hand Weapons
 a - a +0 long sword (weapon)
Armour
 b - a +0 hat (worn)
 f - a +2 cloak of invisibility (worn)
Wands
 q - a wand of polymorph (15)
Scrolls
 i - 2 scrolls of holy word {unknown}
 k - a scroll of magic mapping {unknown}
 l - 4 scrolls of identify
 n - a scroll of remove curse {unknown}
Potions
 g - a potion of haste
 h - 2 potions of magic
 m - 2 potions of flight
 o - a potion of brilliance
 p - 3 potions of mutation
Comestibles
 d - 3 rations


   Skills:
 - Level 2.1 Fighting
 * Level 10.4 Long Blades
 - Level 2.0 Throwing
 + Level 7.1 Dodging
 + Level 5.6 Evocations


You had 5 spell levels left.
You didn't know any spells.

Dungeon Overview and Level Annotations

Branches:
Dungeon (1/1)

Altars:
Dithmenos
Okawaru
Ru
Trog
Uskayaw
Wu Jian
Yredelemnul
Beogh


Innate Abilities, Weirdness & Mutations

Your plain brown scales are hard. (AC +6)
You cannot fit into any form of body armour.
You are cold-blooded and may be slowed by cold attacks.
Your mind is acute. (Int +2)
Your muscles are strong. (Str +2)


Message History

Evoke which item? (* to show all) (? for menu, Esc to quit)
Aiming: Polymorph
Press: ? - help, Shift-Dir - straight line, f - human
Aim: a human (unusually strong, chance to defeat MR: 62%)
The human evaporates and reforms as an ice beast!
There is an open door here.
Throwing (i - inventory)
c - a throwing net (quivered)
Press: ? - help, Shift-Dir - straight line, f/p - ice beast
Aim: an ice beast You throw a throwing net.
The throwing net completely misses the ice beast.
Firing (i - inventory) No suitable missiles.
Press: ? - help, Shift-Dir - straight line, p - ice beast
Okay, then.
You hit the ice beast.
The ice beast is lightly wounded.
The ice beast hits you.
* * * LOW HITPOINT WARNING * * *
The ice beast freezes you!
You die...

▓▓▓▓▓▓▓▓▓▓▓▓▓ ▓▓▓
▓<.#..'...♣.♣♣ ♣.#
▓.@#..#......♣ ♣.#
▓#Y####....♣♣♣ ♣♣.#
▓.....#...p≈.♣♣♣..#
▓.....#...≈≈♣.....#
▓.(..)#..≈≈≈≈♣♣♣..'
▓####)#..≈≈≈≈≈≈♣♣.#
▓.....#p≈≈≈≈≈≈....#
▓.....#.≈≈≈≈≈.....#
▓....(#.≈≈≈.......#


You could see an ice beast.

Vanquished Creatures
  A necrophage (D)
  A water elemental (D)
  Crazy Yiuf (D)
  A necromancer (D)
  2 humans (D)
  4 rats (D)
10 creatures vanquished.

Vanquished Creatures (others)
  2 draconian scorchers (D)
  6 hellions (D)
  A yaktaur (D)
9 creatures vanquished.

Grand Total: 19 creatures vanquished

Notes
Turn   | Place    | Note
-------+----------+-------------------------------------------
     0 | D        | KristoblXynda the Draconian Gladiator began the quest for the Orb.
     0 | D        | Reached XP level 1. HP: 17/17 MP: 1/1
    70 | D        | Noticed Crazy Yiuf
    86 | D        | Reached skill level 5 in Long Blades
    86 | D        | Reached XP level 2. HP: 24/24 MP: 2/2
    88 | D        | Killed Crazy Yiuf
    88 | D        | Reached skill level 6 in Long Blades
    88 | D        | Reached XP level 3. HP: 29/29 MP: 3/3
    93 | D        | Killed a hellion
   117 | D        | Killed a hellion
   118 | D        | Killed a hellion
   142 | D        | Killed a white draconian scorcher
   156 | D        | Killed a hellion
   157 | D        | Killed a hellion
   176 | D        | Killed a hellion
   186 | D        | Killed a yaktaur
   191 | D        | Killed a white draconian scorcher
   197 | D        | Gained mutation: Your magical capacity is low. (-10% MP) [potion of mutation]
   197 | D        | Lost mutation: Your magical capacity is low. (-10% MP) [potion of mutation]
   198 | D        | Gained mutation: You are dopey. (Int -2) [potion of mutation]
   198 | D        | Gained mutation: You have supernaturally acute eyesight. (SInv) [potion of mutation]
   199 | D        | Lost mutation: You are dopey. (Int -2) [potion of mutation]
   199 | D        | Lost mutation: You have supernaturally acute eyesight. (SInv) [potion of mutation]
   199 | D        | Gained mutation: Your muscles are strong. (Str +2) [potion of mutation]
   199 | D        | Gained mutation: Your mind is acute. (Int +2) [potion of mutation]
   199 | D        | Gained mutation: You are frail. (-10% HP) [potion of mutation]
   199 | D        | Lost mutation: You are frail. (-10% HP) [potion of mutation]
   226 | D        | Noticed a water elemental
   263 | D        | Killed a water elemental
   263 | D        | Reached skill level 7 in Long Blades
   263 | D        | Reached skill level 5 in Dodging
   263 | D        | Reached XP level 4. HP: 2/36 MP: 1/5
   586 | D        | Found a basalt altar of Yredelemnul.
   586 | D        | Found a shadowy altar of Dithmenos.
   586 | D        | Found a sacrificial altar of Ru.
   586 | D        | Noticed a necrophage
   597 | D        | Killed a necrophage
   597 | D        | Reached skill level 9 in Long Blades
   597 | D        | Reached XP level 5. HP: 32/40 MP: 5/8
   707 | D        | Found a hide-covered altar of Uskayaw.
   707 | D        | Found a roughly hewn altar of Beogh.
   707 | D        | Found an iron altar of Okawaru.
   707 | D        | Found a bloodstained altar of Trog.
   707 | D        | Found an ornate altar of the Wu Jian Council.
   707 | D        | Noticed a human
   708 | D        | Noticed a human
   747 | D        | Killed a human
   747 | D        | Reached skill level 10 in Long Blades
   747 | D        | Reached skill level 5 in Evocations
   747 | D        | Reached XP level 6. HP: 13/48 MP: 8/10
   748 | D        | Noticed an ice beast
   748 | D        | a human changed into an ice beast
   754 | D        | Slain by an ice beast

Vault maps used:
D:        dungeon_sprint_mu

Skill      XL: |  1  2  3  4  5 |
---------------+----------------+-----
Throwing       | 2 |  2.0
Dodging        | 3 4 5 6 7 |  7.1
Long Blades    | 5 6 7 9 10 | 10.4
Evocations     | 2 4 5 |  5.6
Fighting       | |  2.1

Action                   |  1- 3 |  4- 6 || total
-------------------------+-------+-------++-------
Melee: Long sword        |    19 |    23 ||    42
       Tailslap          |     3 |     4 ||     7
Throw: Throwing net      |       |     3 ||     3
 Abil: Evoke Invisibilit |     1 |       ||     1
Evoke: Wand              |       |     1 ||     1
  Use: Potion            |     5 |     1 ||     6
       Scroll            |     1 |     1 ||     2
 Stab: Invisible         |     1 |       ||     1
       Sleeping          |     1 |       ||     1
       Held in net/web   |       |     1 ||     1
Armor: Skin              |     2 |     3 ||     5
Dodge: Dodged            |    15 |     8 ||    23
       Rpst.: Long sword |     5 |     2 ||     7

Table legend:
 A = Spawn XP
 B = Non-spawn XP
 C = Spawn XP percentage of total XP
 D = Spawn monster count
 E = Non-spawn monster count
 F = Spawn count percentage of total count
 G = Total turns spent on level
                    A         B        C        D         E        F      G
               +---------+---------+-------+---------+---------+-------+---------
         Total |       0 |     512 |   0.0 |       0 |      10 |   0.0 |   754
               +---------+---------+-------+---------+---------+-------+---------
             D |       0 |     512 |   0.0 |       0 |      10 |   0.0 |   754
               +---------+---------+-------+---------+---------+-------+---------
